 Dungeon Crawl Stone Soup version 0.24-a0-201-gf205589 (webtiles) character file.

Game seed: 16571605578009829700

231 nikopol the Magician (level 5, -4/28 HPs)
             Began as a Deep Elf Fire Elementalist on Mar 20, 2019.
             Killed from afar by an orc wizard (7 damage)
             ... with a magic dart
             ... on level 5 of the Dungeon.
             The game lasted 00:08:22 (2780 turns).

nikopol the Magician (Deep Elf Fire Elementalist)   Turns: 2780, Time: 00:08:23

Health: -4/28      AC:  3    Str:  5    XL:     5   Next: 73%
Magic:  2/14       EV: 13    Int: 21    God:
Gold:   218        SH:  0    Dex: 15    Spells: 4/14 levels left

rFire    . . .     SeeInvis .   r - +2 dagger (elec)
rCold    . . .     Gourm    .   (no shield)
rNeg     . . .     Faith    .   a - +0 robe
rPois    .         Spirit   .   (no helmet)
rElec    .         Reflect  .   o - +2 cloak
rCorr    .         Harm     .   (no gloves)
MR       .....                  (no boots)
Stlth    ++........             (no amulet)
HPRegen  0.09/turn              k - -2 ring of protection (curse)
MPRegen  0.14/turn              (no ring)

@: no status effects
A: no striking features
a: no special abilities


You were on level 5 of the Dungeon.
You were hungry.

You visited 1 branch of the dungeon, and saw 5 of its levels.

You collected 218 gold pieces.

Inventory:

Hand Weapons
 r - a +2 dagger of electrocution (weapon)
 s - a +0 dagger
Armour
 a - a +0 robe (worn)
 b - a +0 buckler
 n - a +0 buckler of cold resistance
 o - a +2 cloak (worn)
Jewellery
 k - a cursed -2 ring of protection (left hand)
Scrolls
 d - a scroll of blinking
 i - a scroll of amnesia {unknown}
 j - a scroll of remove curse {unknown}
 l - a scroll of fear {unknown}
 m - a scroll of magic mapping {unknown}
 p - a scroll of identify {unknown}
Potions
 e - 2 potions of might {unknown}
 f - a potion of ambrosia {unknown}
 h - 2 potions of heal wounds {unknown}
 q - a potion of resistance {unknown}
 t - a potion of agility {unknown}
Comestibles
 c - 8 rations
 g - 2 chunks of flesh


   Skills:
 + Level 3.1 Dodging
 + Level 2.8 Stealth
 * Level 1.4 Shields
 + Level 5.1 Spellcasting
 + Level 2.2 Conjurations
 + Level 4.8 Fire Magic


You had 4 spell levels left.
You knew the following spells:

 Your Spells              Type           Power        Failure   Level  Hunger
a - Flame Tongue          Conj/Fire      ###..        2%          1    None
b - Throw Flame           Conj/Fire      ###...       3%          2    None
c - Conjure Flame         Conj/Fire      ###.....     8%          3    ##.....
d - Sticky Flame          Conj/Fire      ###.....     26%         4    ####...

Your spell library contained the following spells:

 Spells                   Type           Power        Failure   Level  Hunger
 Inner Flame              Hex/Fire       ###.....     12%         3    ##.....
 Fireball                 Conj/Fire      ###.......   56%         5    #####..


Dungeon Overview and Level Annotations

Branches:
Dungeon (6/15)
 Temple: D:4-7

Altars:
Sif Muna


Message History

Confirm with . or Enter, or press ? or * to list all spells.
Aiming: Flame Tongue (safe; 2% risk of failure)
Press: ? - help, Shift-Dir - straight line, f/p - orc
Aim: an orc, wielding a +0 hand axe and wearing a +0 ring mail (heavily wounded)
The flame tongue hits the orc.
The orc is almost dead.
The orc barely misses you. The orc hits you but does no damage.
The orc wizard misses you.
Some of the chunks of flesh in your inventory have rotted away.
Casting: Flame Tongue (safe; 2% risk of failure)
Confirm with . or Enter, or press ? or * to list all spells.
Aiming: Flame Tongue (safe; 2% risk of failure)
Press: ? - help, Shift-Dir - straight line, f/p - orc
Aim: an orc, wielding a +0 hand axe and wearing a +0 ring mail (almost dead)
The flame tongue hits the orc.
You kill the orc!
The orc barely misses you.
The orc wizard gestures at you while chanting.
The magic dart hits you!
You die...

#. ######...
##........
#####..).<....
#....o@)..(...
#.##...o......
#.....?....
##.#####.## #.
# #. #. #.


You could see an orc wizard and an orc.

Vanquished Creatures
  An orc priest (D:3)
  3 orc wizards
  5 adders
  An adder zombie (D:6)
  A worm (D:3)
  A dart slug (D:1)
  2 leopard geckos (D:2)
  14 orcs
  A ball python (D:3)
  2 giant cockroaches
  5 goblins
  4 hobgoblins
  6 bats
  4 frilled lizards
  4 kobolds
  7 rats
61 creatures vanquished.

Notes
Turn   | Place    | Note
-------+----------+-------------------------------------------
     0 | D:1      | nikopol the Deep Elf Fire Elementalist began the quest for
                  | the Orb.
     0 | D:1      | Reached XP level 1. HP: 10/10 MP: 6/6
   370 | D:1      | Reached XP level 2. HP: 15/15 MP: 6/8
  1108 | D:2      | Reached XP level 3. HP: 19/19 MP: 6/10
  1135 | D:2      | Found a deep blue altar of Sif Muna.
  1278 | D:3      | Reached skill level 1 in Shields
  1556 | D:3      | Reached XP level 4. HP: 24/24 MP: 9/11
  1579 | D:3      | Found a faded altar of an unknown god.
  1847 | D:3      | Reached skill level 4 in Spellcasting
  2167 | D:3      | Learned a level 2 spell: Throw Flame
  2171 | D:3      | Learned a level 3 spell: Conjure Flame
  2176 | D:3      | Learned a level 4 spell: Sticky Flame
  2553 | D:3      | Reached XP level 5. HP: 28/28 MP: 9/13
  2756 | D:3      | You fall through a shaft for 3 floors!
  2757 | D:6      | Noticed a phantom
  2772 | D:5      | Entered Level 5 of the Dungeon
  2777 | D:5      | Reached skill level 5 in Spellcasting
  2780 | D:5      | Killed from afar by an orc wizard

Levels and vault maps discovered:
D:1:      dpeg_arrival_rooms_b, layout_loops_corners, serial_forest,
          infiniplex_forest_straight_1, infiniplex_forest_lined_3_way,
          infiniplex_forest_clump_double, infiniplex_forest_zigzag_1,
          infiniplex_forest_diagonal, infiniplex_forest_corner_1
D:2:      layout_rooms, led_sif_pool
D:3:      layout_rooms, grunt_temple_overflow_diamond, first_ration,
          chequers_ecumenical_altar_grove, minmay_misc_feat_rows,
          kennysheep_generic_room_12
D:5:      layout_loops_ring, lemuel_coloured_pillars_altar,
          minmay_temple_entry_tees, nicolae_ossuary_entry_giza
D:6:      layout_basic

Skill      XL: |  1  2  3  4  5 |
---------------+----------------+-----
Fire Magic     | 4 |  4.8
Shields        | 1 |  1.4
Spellcasting   | 4 5 |  5.1
Dodging        | 3 |  3.1
Conjurations   | 2 |  2.2
Stealth        | |  2.8

Action                   |  1- 3 |  4- 6 || total
-------------------------+-------+-------++-------
Melee: Unarmed           |     1 |       ||     1
       Dagger            |       |     4 ||     4
 Cast: Flame Tongue      |    65 |    70 ||   135
       Throw Flame       |       |     4 ||     4
  Use: Scroll            |       |     2 ||     2
  Eat: Chunk             |     2 |     3 ||     5
Armor: Robe              |     7 |    10 ||    17
Dodge: Dodged            |    13 |    28 ||    41
Block: Buckler           |     5 |     3 ||     8

Table legend:
 A = Non-vault XP
 B = Vault XP
 C = Vault XP percentage of total XP
 D = Non-vault monster count
 E = Vault monster count
 F = Vault count percentage of total count
                 A         B        C        D         E       F
            +---------+---------+-------+---------+---------+-------
      Total |     331 |       0 |   0.0 |      61 |       0 |   0.0
            +---------+---------+-------+---------+---------+-------
        D:1 |      20 |       0 |   0.0 |      12 |       0 |   0.0
        D:2 |      62 |       0 |   0.0 |      16 |       0 |   0.0
        D:3 |     201 |       0 |   0.0 |      30 |       0 |   0.0
        D:5 |      42 |       0 |   0.0 |       2 |       0 |   0.0
        D:6 |       6 |       0 |   0.0 |       1 |       0 |   0.0
            +---------+---------+-------+---------+---------+-------
